 Dungeon Crawl Stone Soup version 0.16.1-51-g6203257 (webtiles) character file.

16608 poirepourri the Fighter (level 12, -7/118 HPs)
             Began as a Deep Dwarf Berserker on Aug 10, 2015.
             Was a Priest of Trog.
             Mangled by a spiny frog (16 damage)
             ... on level 4 of the Lair of Beasts.
             The game lasted 00:39:59 (13426 turns).

poirepourri the Fighter (Deep Dwarf Berserker)     Turns: 13426, Time: 00:39:59

Health: -7/118     AC: 17    Str: 29    XL:     12   Next: 11%
Magic:  16/16      EV: 16    Int:  8    God:    Trog [***...]
Gold:   635        SH:  4    Dex: 13    Spells: 0 memorised, 11 levels left

rFire  + . .     SeeInvis .     d - +6 hand axe (flame)
rCold  . . .     Clarity  .     F - +3 scale mail
rNeg   . . .     SustAb   .     k - +0 buckler
rPois  .         Gourm    .     w - +1 helmet
rElec  .         Spirit   .     H - +2 cloak
rCorr  .         Warding  .     (no gloves)
rMut   .         Stasis   .     (no boots)
MR     +++..                    (no amulet)
Stlth  +.........               r - +4 ring of strength
                                f - ring of protection from fire

@: lethally poisoned (-7 -> -21), non-regenerating, extremely resistant to
hostile enchantments, very unstealthy
A: damage resistance, recharge devices, sense surroundings 2, slow healing 3
a: Device Recharging, Burn Spellbooks, Berserk, Trog's Hand, Renounce Religion


You were on level 4 of the Lair of Beasts.
You worshipped Trog.
Trog was most pleased with you.
You were not hungry.

You visited 2 branches of the dungeon, and saw 13 of its levels.

You collected 897 gold pieces.
You spent 262 gold pieces at shops.

Inventory:

Hand weapons
 a - a +1 hand axe
 d - a +6 hand axe of flaming (weapon)
Armour
 b - a +0 animal skin
 h - a +1 cloak
 j - a +0 scale mail
 k - a +0 buckler (worn)
 p - a +0 chain mail
 w - a +1 helmet (worn)
 F - a +3 scale mail (worn)
 H - a +2 cloak (worn)
 K - a +0 plate armour
Jewellery
 f - a ring of protection from fire (left hand)
 r - a +4 ring of strength (right hand)
 D - an uncursed ring of positive energy
 E - a cursed amulet of inaccuracy
 J - an uncursed ring of see invisible
Magical devices
 c - a wand of heal wounds (5)
 e - a wand of cold (0)
 i - a wand of enslavement (0)
 m - a wand of slowing (30)
 x - a wand of digging (10)
 z - a wand of frost (3)
 B - a wand of frost (19)
 G - a wand of random effects (20)
 I - a wand of magic darts (11)
Scrolls
 g - 5 scrolls of teleportation
 n - 4 scrolls of remove curse
 u - 2 scrolls of identify
 y - a scroll of holy word
 P - a scroll of enchant weapon
Potions
 q - a potion of restore abilities
 t - a potion of agility
 v - 2 potions of flight
 A - a potion of resistance
 C - a potion of haste
 L - a potion of berserk rage
Comestibles
 l - 5 chunks of flesh
 o - 2 slices of pizza
 s - a fruit
 M - a beef jerky
 O - a royal jelly


   Skills:
 * Level 10.6 Fighting
 + Level 10.5 Axes
 + Level 10.0 Armour
 + Level 10.4 Dodging
 + Level 3.0 Stealth
 + Level 3.1 Shields
 + Level 4.2 Evocations


You had 11 spell levels left.
You didn't know any spells.

Dungeon Overview and Level Annotations

Branches:
Dungeon (9/15)             Temple (0/1) D:4            Lair (4/8) D:9
 Spider (0/5) Lair:3
  Swamp: Lair:3-6    Shoals: Lair:3-6       Orc: D:9-12

Altars:
Fedhas
Gozag
Okawaru
Qazlal
Trog
Vehumet
Zin

Shops:
D:4 ?   D:6 ?


Innate Abilities, Weirdness & Mutations

You are resistant to damage.
You can recharge devices by infusing magical energy.
You passively map the area around you.
You do not heal naturally.


Message History

Unknown command.
You slash the spiny frog! You burn the spiny frog.
The spiny frog is moderately wounded.
You hit the spiny frog but do no damage.
You barely miss the spiny frog.
The spiny frog is lightly wounded.
You feel very sick. The spiny frog stings you. The spiny frog stings you!
* * * LOW HITPOINT WARNING * * *
Use which ability? (? or * to list) Charge which item? (? for menu, Esc to quit)
Your wand of heal wounds (0) glows for a moment and now has 5 charges.
* * * LOW HITPOINT WARNING * * *
You feel very sick. The spiny frog completely misses you.
The spiny frog stings you but does no damage.
The spiny frog stings you!
* * * LOW HITPOINT WARNING * * *
The spiny frog stings you!
You die...

, , *, , *#. * * * * .,**
, .. #., #### ,
,,#..#.###.P##### # * ,,
#....P....#.# # *
*####.!FF(.#..## * #
#..P..F@.#..(.# * ## * ,
* #......#.....## ##.#
**.##...$###...###...# ,
#.#... #.#.^^#...###
,,,**
##..%.#####........###
*,, **#......*
##.[.......## * ...##...#
###........P. * *
,,,.#,###..##.......#....
** * * #...###..........


You could see 3 spiny frogs.

Vanquished Creatures
  Harold (Lair:1)
  Nergalle (Lair:2)
  Pikel (D:6)
  8 spiny frogs
  A wolf spider (Lair:3)
  A black mamba (Lair:3)
  6 komodo dragons
  3 two-headed ogres (D:8)
  2 redbacks (Lair:3)
  A wyvern (D:8)
  3 yaks
  Eustachio (D:5)
  A deep elf mage (D:9)
  The ghost of Appriser the Shooter, an average CeAM of Ashenzari (D:4)
  8 wolves
  2 hippogriffs (Lair:1)
  A water moccasin (Lair:1)
  8 porcupines
  A spider (Lair:3)
  5 ice beasts
  A phantom (D:6)
  2 sky beasts
  A black bear (D:5)
  2 centaurs
  4 ogres
  6 crocodiles
  An orc warrior (D:7)
  Duvessa (D:7)
  A big kobold (D:4)
  Blork the orc (D:6)
  A gnoll sergeant (D:6)
  3 scorpions
  10 giant frogs
  10 wights
  5 killer bees (D:7)
  2 electric eels (D:6)
  Dowan (D:7)
  5 crimson imps
  A centaur zombie (D:6)
  2 jellies (D:7)
  5 orc priests
  2 gnoll shamans
  2 goliath beetles
  A quasit (D:5)
  A giant frog skeleton (D:7)
  A centaur skeleton (D:6)
  6 hounds
  11 iguanas
  7 orc wizards
  3 worker ants
  A killer bee zombie (D:6)
  A hound zombie (D:8)
  Terence (D:3)
  A hound skeleton (D:8)
  17 gnolls
  10 adders
  16 river rats
  3 shadow imps
  A white imp (D:5)
  2 worms
  An ufetubus (D:5)
  7 giant geckos
  29 orcs
  18 bats
  14 hobgoblins
  12 jackals
  16 kobolds
  3 oozes
  3 ball pythons
  4 giant cockroaches
  A giant gecko skeleton (D:4)
  5 giant newts
  7 goblins
  11 quokkas
  A quokka skeleton (D:6)
  A quokka zombie (D:6)
  14 rats
  12 spectral orcs (Lair:2)
  A fungus (Lair:4)
  A plant (D:9)
369 creatures vanquished.

Vanquished Creatures (collateral kills)
  A hydra (Lair:4)
  A spiny frog (Lair:1)
  2 yaks (Lair:4)
  Menkaure (D:6)
  A wolf (Lair:1)
6 creatures vanquished.

Vanquished Creatures (others)
  An adder (D:6)
  An orc (D:6)
  A bat (D:6)
  A goblin (D:6)
  2 fungi (Lair:3)
  2 plants
8 creatures vanquished.

Grand Total: 383 creatures vanquished

Notes
Turn   | Place    | Note
--------------------------------------------------------------
     0 | D:1      | poirepourri, the Deep Dwarf Berserker, began the quest for the Orb.
     0 | D:1      | Reached XP level 1. HP: 20/20 MP: 1/1
   193 | D:1      | Reached XP level 2. HP: 20/28 MP: 2/2
   310 | D:1      | Acquired Trog's second power
  1015 | D:2      | Reached XP level 3. HP: 34/34 MP: 3/3
  1638 | D:2      | Found a bloodstained altar of Trog.
  1638 | D:2      | Found a glowing silver altar of Zin.
  1774 | D:2      | Reached XP level 4. HP: 29/42 MP: 4/4
  1844 | D:2      | Found a blossoming altar of Fedhas.
  2108 | D:3      | Reached skill level 4 in Axes
  2297 | D:3      | Reached XP level 5. HP: 36/50 MP: 5/5
  2645 | D:3      | Acquired Trog's third power
  2751 | D:3      | Noticed Terence
  2764 | D:3      | Killed Terence
  2828 | D:4      | Reached skill level 1 in Stealth
  2920 | D:4      | Reached XP level 6. HP: 56/57 MP: 6/6
  2935 | D:4      | Reached skill level 5 in Axes
  3427 | D:4      | Found Klutawo's Magic Scroll Shop.
  3435 | D:4      | Bought a scroll of enchant weapon for 90 gold pieces
  3435 | D:4      | Bought a scroll of teleportation for 36 gold pieces
  3435 | D:4      | Bought a scroll of identify for 24 gold pieces
  3473 | D:4      | Noticed Appriser's ghost (average CeAM)
  3495 | D:4      | Killed Appriser's ghost
  3495 | D:4      | Reached XP level 7. HP: 40/66 MP: 7/7
  3687 | D:4      | Found a staircase to the Ecumenical Temple.
  3780 | D:5      | Entered Level 5 of the Dungeon
  3836 | D:5      | Noticed Eustachio
  3848 | D:5      | Killed Eustachio
  3848 | D:5      | Reached skill level 5 in Fighting
  3875 | D:5      | Reached skill level 6 in Axes
  3945 | D:5      | Reached skill level 5 in Dodging
  4117 | D:5      | Reached XP level 8. HP: 51/75 MP: 8/8
  4224 | D:5      | Reached skill level 5 in Armour
  4656 | D:6      | Found Sieghueh's Magic Scroll Shoppe.
  4796 | D:6      | Noticed Menkaure
  4806 | D:6      | Killed Menkaure
  4853 | D:6      | Reached skill level 1 in Evocations
  4896 | D:6      | Reached skill level 7 in Axes
  5287 | D:6      | Gained mutation: You passively map the area around you. [level up]
  5287 | D:6      | Reached XP level 9. HP: 58/85 MP: 10/12
  5354 | D:6      | Bought a scroll of remove curse for 42 gold pieces
  5354 | D:6      | Bought a scroll of remove curse for 42 gold pieces
  5354 | D:6      | Bought a scroll of identify for 28 gold pieces
  5848 | D:6      | Noticed Blork the orc
  5862 | D:6      | Killed Blork the orc
  5945 | D:6      | Noticed Pikel
  5957 | D:6      | Killed Pikel
  6783 | D:7      | Found a radiant altar of Vehumet.
  6785 | D:7      | Found an opulent altar of Gozag.
  6785 | D:7      | Found a stormy altar of Qazlal.
  6800 | D:7      | Reached skill level 8 in Axes
  6909 | D:7      | Noticed Duvessa
  6910 | D:7      | Noticed Dowan
  6919 | D:7      | Killed Duvessa
  6926 | D:7      | Killed Dowan
  7524 | D:7      | Reached XP level 10. HP: 67/96 MP: 14/14
  7595 | D:7      | Received a gift from Trog
  8056 | D:8      | Found an iron altar of Okawaru.
  9156 | D:9      | Found a staircase to the Lair.
  9192 | Lair:1   | Entered Level 1 of the Lair of Beasts
  9202 | Lair:1   | Reached skill level 9 in Axes
  9845 | Lair:1   | Reached XP level 11. HP: 78/106 MP: 15/15
  9862 | Lair:1   | Noticed Harold
  9882 | Lair:1   | Killed Harold
  9882 | Lair:1   | Reached skill level 1 in Shields
 10923 | Lair:2   | Noticed Nergalle
 11041 | Lair:2   | Killed Nergalle
 11041 | Lair:2   | Reached skill level 10 in Fighting
 11209 | Lair:2   | Reached skill level 10 in Axes
 12223 | Lair:3   | Reached skill level 10 in Dodging
 12385 | Lair:3   | Found a hole to the Spider Nest.
 13214 | Lair:4   | Reached XP level 12. HP: 53/117 MP: 17/17
 13353 | Lair:4   | Noticed a five-headed hydra
 13359 | Lair:4   | Killed a five-headed hydra
 13359 | Lair:4   | Reached skill level 10 in Armour
 13426 | Lair:4   | Mangled by a spiny frog

Action                   |  1- 3 |  4- 6 |  7- 9 | 10-12 || total
-------------------------+-------+-------+-------+-------++-------
Melee: Hand axe          |   104 |   201 |   336 |   681 ||  1322
Invok: Trog's Hand       |     1 |     2 |    10 |    33 ||    46
       Berserk           |       |     1 |     1 |     2 ||     4
       Burn Spellbooks   |       |       |       |     2 ||     2
       Brothers in Arms  |       |       |       |     2 ||     2
 Abil: Device Recharging |       |       |       |     3 ||     3
Evoke: Wand              |       |     1 |    10 |    16 ||    27
  Use: Scroll            |     2 |     7 |     4 |    13 ||    26
       Potion            |     2 |     7 |     1 |    13 ||    23
  Eat: Bread ration      |     2 |       |     3 |     2 ||     7
       Beef jerky        |       |       |     2 |       ||     2
       Royal jelly       |       |       |     1 |     3 ||     4
       Pizza             |       |       |     1 |       ||     1
       Fruit             |       |       |       |     3 ||     3
       Chunk             |       |       |       |     3 ||     3
       Meat ration       |       |       |       |     1 ||     1
